 Dungeon Crawl Stone Soup version 0.23-a0-315-ga85b81c (webtiles) character file.

37 Amnesiac the Digger (level 3, 0/28 HPs)
             Began as a Deep Dwarf Earth Elementalist on Oct 14, 2018.
             Slain by a goblin
             ... wielding a +0 dagger
             ... led by Robin
              (6 damage)
             ... on level 2 of the Dungeon.
             The game lasted 00:02:46 (653 turns).

Amnesiac the Digger (Deep Dwarf Earth Elementalist)  Turns: 653, Time: 00:02:47

Health: 0/28       AC:  2    Str: 11    XL:     3   Next: 23%
Magic:  5/6        EV: 12    Int: 16    God:
Gold:   68         SH:  0    Dex: 13    Spells: 3/6 levels left

rFire    . . .     SeeInvis .   a - +0 hunting sling
rCold    . . .     Gourm    .   (no shield)
rNeg     . . .     Faith    .   c - +0 robe
rPois    .         Spirit   .   (no helmet)
rElec    .         Reflect  .   (no cloak)
rCorr    .         Harm     .   (no gloves)
MR       .....                  (no boots)
Stlth    ++........             (no amulet)
HPRegen  0.00/turn              (no ring)
MPRegen  0.10/turn              (no ring)

@: non-regenerating
A: damage resistance, heal wounds, sense surroundings 1, no regeneration
a: Heal Wounds


You were on level 2 of the Dungeon.
You were not hungry.

You visited 1 branch of the dungeon, and saw 2 of its levels.

You collected 68 gold pieces.

Inventory:

Hand Weapons
 a - a +0 hunting sling (weapon)
 b - a +0 dagger
Missiles
 f - 10 sling bullets (quivered)
 g - 12 stones
Armour
 c - a +0 robe (worn)
Jewellery
 e - an uncursed amulet of the gourmand {unknown}
Potions
 l - a potion of lignification {!q}
Comestibles
 d - a ration
 i - 21 chunks of flesh


   Skills:
 - Level 2.1 Dodging
 - Level 2.4 Stealth
 - Level 2.0 Spellcasting
 - Level 0.8 Transmutations
 + Level 5.6 Earth Magic


You had 3 spell levels left.
You knew the following spells:

 Your Spells              Type           Power        Failure   Level  Hunger
a - Sandblast             Erth           ###...       1%          1    #......
b - Passwall              Tmut/Erth      ##......     9%          2    ###....

Your spell library contained the following spells:

 Spells                   Type           Power        Failure   Level  Hunger
 Stone Arrow              Conj/Erth      ##....       19%         3    ###....
 Petrify                  Tmut/Erth      ##......     47%         4    #####..
 Lee's Rapid Deconstruct  Erth           ###.......   50%         5    ######.


Dungeon Overview and Level Annotations

Branches:
Dungeon (2/15)

Altars:

Annotations:
D:2 Robin


Innate Abilities, Weirdness & Mutations

You are resistant to damage.
You can heal yourself by infusing magical energy.
You passively map a small area around you.
You do not regenerate.


Message History

You shoot a sling bullet. The sling bullet hits the goblin!
You kill the goblin!
Firing (i - inventory. (/) - cycle)
f - 12 sling bullets (quivered)
Press: ? - help, Shift-Dir - straight line, f - goblin
Aim: a goblin You shoot a sling bullet.
The sling bullet hits the goblin.
You kill the goblin!
No target in view!
You butcher the goblin corpse.
i - 22 chunks of flesh (gained 2)
You see here a goblin skeleton. x2 2 goblins and Robin come into view.
The goblin shouts!
You hear a shout!
The goblin shouts!
Robin shouts!
You hear a shout!
Robin roars a battlecry!
The goblins go into a battle-frenzy!
A goblin comes into view. It is wielding a club.
You hear a shout!
There are monsters nearby!
You see here a goblin skeleton.
Some of the chunks of flesh in your inventory have rotted away.
No target in view!
No target in view!
You start resting.
Magic restored.
No target in view!
You start waiting.
A goblin comes into view. It is wielding a dagger.
The goblin no longer looks unusually strong.
Firing (i - inventory. (/) - cycle)
f - 11 sling bullets (quivered)
Press: ? - help, Shift-Dir - straight line, f - goblin
Aim: a goblin, wielding a dagger (unusually strong)
You shoot a sling bullet. The sling bullet hits the goblin.
The goblin is moderately wounded.
The goblin barely misses you.
Robin roars a battlecry!
The goblin goes into a battle-frenzy!
You hear a shout! x2
The goblin no longer looks unusually strong.
Robin roars a battlecry!
The goblin goes into a battle-frenzy!
Robin throws the goblin at you!
Found a club.
The goblin no longer looks unusually strong.
The goblin hits you with a club.
* * * LOW HITPOINT WARNING * * *
Robin roars a battlecry!
The goblin goes into a battle-frenzy!
Found 10 gold pieces.
Found a potion of flight and 4 gold pieces.
You see here a club.
A frilled lizard and a goblin come into view.
Casting: Sandblast (safe; 1% risk of failure)
Confirm with . or Enter, or press ? or * to list all spells.
Aiming: Sandblast (safe; 1% risk of failure)
Press: ? - help, Shift-Dir - straight line, f/p - goblin
Aim: a goblin, wielding a dagger (moderately wounded, unusually strong)
The blast of sand hits the goblin.
You kill the goblin!
g - 12 stones The frilled lizard hisses angrily.
The goblin hits you with a club.
* * * LOW HITPOINT WARNING * * *
Robin throws the goblin at you! The goblin hits you with a dagger!
You die...

....... ####.#.#####.
*....$.. ######g#.#####
.......###.g..........#.
*
...........####..#.##.#.
,
...........##...........
,,
...........#####+#......
.......)g.## #..........
* * .!l.....###
#..........
...g...@######.......##.
......g.##...........##.
........##......####..#+
#####.#.##......##......
#..$##......##......
######......##......
#......#####.#+ #......#
#.., ######## ##.


You could see Robin, 3 goblins and a frilled lizard.

Vanquished Creatures
  An ooze (D:1)
  A dart slug (D:1)
  A leopard gecko (D:1)
  2 giant cockroaches
  8 goblins
  5 hobgoblins
  A quokka (D:2)
  A ball python (D:2)
  A bat (D:1)
  A frilled lizard (D:1)
  3 kobolds
  2 rats (D:1)
27 creatures vanquished.

Notes
Turn   | Place    | Note
-------+----------+-------------------------------------------
     0 | D:1      | Amnesiac the Deep Dwarf Earth Elementalist began the quest
                  | for the Orb.
     0 | D:1      | Reached XP level 1. HP: 15/15 MP: 3/3
   206 | D:1      | Reached XP level 2. HP: 10/22 MP: 5/5
   210 | D:1      | Learned a level 2 spell: Passwall
   406 | D:1      | Reached skill level 5 in Earth Magic
   536 | D:2      | Reached XP level 3. HP: 5/28 MP: 3/6
   627 | D:2      | Noticed Robin
   653 | D:2      | Slain by a goblin

Vault maps used:
D:1:      onia_arrival_mini_spirals, minmay_box_of_dots
D:2:      first_ration, uniq_robin, uniq_crazy_yiuf_cottage

Skill      XL: |  1  2 |
---------------+-------+-----
Spellcasting   | 2 |  2.0
Earth Magic    | 5 |  5.6
Dodging        | |  2.1
Stealth        | |  2.4
Transmutations | |  0.8

Action                   || total
-------------------------++-------
 Fire: Hunting sling     ||    71
 Cast: Sandblast         ||    12
  Use: Scroll            ||     2
       Potion            ||     2
Armor: Robe              ||     5
Dodge: Dodged            ||    22

Table legend:
 A = Non-vault XP
 B = Vault XP
 C = Vault XP percentage of total XP
 D = Non-vault monster count
 E = Vault monster count
 F = Vault count percentage of total count
                 A         B        C        D         E       F
            +---------+---------+-------+---------+---------+-------
      Total |      46 |       8 |  14.8 |      22 |       5 |  18.5
            +---------+---------+-------+---------+---------+-------
        D:1 |      33 |       2 |   5.7 |      14 |       2 |  12.5
        D:2 |      13 |       6 |  31.6 |       8 |       3 |  27.3
            +---------+---------+-------+---------+---------+-------
